 Dungeon Crawl Stone Soup version 0.28-a0-984-g3775c662fe (webtiles) character file.

Game seed: 7203099475871517375

121 siradein the Grasshopper (level 4, 0/37 HPs)
             Began as a Draconian Warper on Dec 4, 2021.
             Slain by an orc (6 damage)
             ... on level 3 of the Dungeon.
             The game lasted 00:04:16 (2743 turns).

siradein the Grasshopper (Draconian Warper)         Turns: 2743, Time: 00:04:17

Health: 0/37       AC:  5    Str: 15    XL:     4   Next: 77%
Magic:  5/7        EV: 12    Int: 14    God:
Gold:   64         SH:  0    Dex: 10    Spells: 1/8 levels left

rFire   . . .      SeeInvis .   j - +0 long sword
rCold   . . .      Faith    .   (no shield)
rNeg    . . .      Spirit   .   (armour unavailable)
rPois   .          Reflect  .   (helmet restricted)
rElec   .          Harm     .   (no cloak)
rCorr   .          Rampage  .   (no gloves)
Will    .....                   (no boots)
Stlth   +.........              (no amulet)
HPRegen 0.12/turn               (no ring)
MPRegen 0.10/turn               (no ring)

@: no status effects
A: AC +5, unfitting armour, cold-blooded
a: no special abilities


You were on level 3 of the Dungeon.
You visited 1 branch of the dungeon, and saw 3 of its levels.

You collected 64 gold pieces.

Inventory:

Hand Weapons
 j - a +0 long sword (weapon)
Missiles
 c - 5 boomerangs of dispersal (quivered)
 e - 6 atropa-tipped darts
 p - 20 poisoned darts
Jewellery
 k - an amulet of faith
Scrolls
 a - 2 scrolls of fear {unknown}
 b - 2 scrolls of blinking
 d - 5 scrolls of identify {unknown}
 f - a scroll of enchant armour {unknown}
 l - a scroll of immolation {unknown}
 m - a scroll of noise {unknown}
Potions
 g - a potion of cancellation {unknown}
 h - a potion of lignification {unknown}
 i - a potion of resistance {unknown}
 n - 2 potions of mutation {unknown}
 o - a potion of curing {unknown}


   Skills:
 + Level 2.9 Fighting
 + Level 2.7 Long Blades
 + Level 1.8 Throwing
 + Level 2.6 Dodging
 + Level 2.5 Spellcasting
 + Level 3.5 Translocations
 + Level 0.6 Transmutations


You had one spell level left.
You knew the following spells:

 Your Spells              Type           Power      Damage    Failure   Level
a - Blink                 Tloc           22%        N/A       8%          2
b - Gell's Gravitas       Tloc           11%        N/A       16%         3
c - Wereblood             Tmut           3%         N/A       26%         2

Your spell library contained the following spells:

 Spells                   Type           Power      Damage    Failure   Level
 Lesser Beckoning         Tloc           11%        N/A       16%         3
 Teleport Other           Tloc           11%        N/A       16%         3
 Sublimation of Blood     Necr           1%         N/A       34%         2
 Manifold Assault         Tloc           11%        N/A       82%         5
 Dispersal                Tloc           5%         N/A       100%        6
 Summon Hydra             Summ           0%         N/A       100%        7


Dungeon Overview and Level Annotations

Branches:
Dungeon (3/15)

Altars:


Innate Abilities, Weirdness & Mutations

Your plain brown scales are hard. (AC +5)
You cannot fit into any form of body armour.
You are cold-blooded and may be slowed by cold attacks.


Message History

The orc wizard is lightly wounded.
The orc wizard hits you with a +0 dagger.
The orc wizard barely misses you.
You closely miss the orc wizard.
The orc wizard is lightly wounded.
The orc wizard barely misses you.
You hit the orc wizard but do no damage.
The orc wizard is lightly wounded.
The orc wizard barely misses you.
You closely miss the orc wizard.
The orc wizard is lightly wounded.
The orc wizard hits you but does no damage.
The orc hits you with a +0 flail.
You slash the orc wizard!
The orc wizard is almost dead.
The orc wizard closely misses you. The orc barely misses you.
The orc hits you with a +0 flail. The orc wizard casts a spell at you.
You resist with some effort. The orc closely misses you.
You hit the orc wizard.
You kill the orc wizard!
The orc misses you.
The orc hits you from afar with a +0 trident.
Casting: Blink (safe; 8% risk of failure)
Confirm with . or Enter, or press ? or * to list all spells.
You blink.
The orc completely misses you.
You hit the orc but do no damage. The orc hits you with a +0 flail.
The orc hits you but does no damage. The orc closely misses you.
Casting: Blink (safe; 8% risk of failure)
Confirm with . or Enter, or press ? or * to list all spells.
You are still too unstable to blink.
Casting: Blink (safe; 8% risk of failure)
Confirm with . or Enter, or press ? or * to list all spells.
You are still too unstable to blink.
The orc hits you from afar with a +0 trident!
* * * LOW HITPOINT WARNING * * *
You feel stable enough to blink again.
The orc hits you from afar with a +0 trident.
You die...

########...# .o.........#
####### .########)..#
#.....#
#...........#####.###.#
...#####..........# #.#
.........#.#.†....###.####
.#.####..#.#.####........#
.#.# #....#..(.#...####.#
.#.####.#######.@....# #.#
...........#......o..# #.#
..#......#.#.###..o..# #.#
.###.#.†.#.#.# ##...####.##
## ##....#...#####.####...#
.###.#..###..#............#
.[#....†.....#.###.###....#
.....#.........# #.# #.#.##
.............### #.###.#.##


You could see 2 orcs.

Vanquished Creatures
  A hound (D:2)
  An orc wizard (D:3)
  2 adders (D:2)
  3 giant cockroaches
  5 goblins
  5 hobgoblins
  9 jackals
  2 quokkas (D:1)
  3 ball pythons
  3 bats
  4 frilled lizards
  3 kobolds
  7 rats
48 creatures vanquished.

Notes
Turn   | Place    | Note
-------+----------+-------------------------------------------
     0 | D:1      | siradein the Draconian Warper began the quest for the Orb.
     0 | D:1      | Reached XP level 1. HP: 17/17 MP: 3/3
   123 | D:1      | Reached skill level 1 in Throwing
   142 | D:1      | Reached XP level 2. HP: 8/25 MP: 5/5
   593 | D:1      | Learned a level 2 spell: Blink
  1066 | D:1      | You fall into a shaft and drop 1 floor!
  1121 | D:2      | Reached XP level 3. HP: 18/30 MP: 6/6
  1627 | D:2      | Reached XP level 4. HP: 15/37 MP: 7/7
  1728 | D:2      | Learned a level 3 spell: Gell's Gravitas
  1731 | D:2      | Learned a level 2 spell: Wereblood
  2187 | D:2      | Found a faded altar of an unknown god.
  2743 | D:3      | Slain by an orc

Illustrated notes

Levels and vault maps discovered:
D:1:      lightli_arrival_lavapool, layout_rooms, serial_park_tiny_2
D:2:      layout_basic, hellmonk_ecumenical_altar_dog_temple,
          grunt_decor_fettered, minmay_tall_x
D:3:      layout_loops_ring

Skill      XL: |  1 |
---------------+----+-----
Throwing       | 1 |  1.8
Fighting       | |  2.9
Long Blades    | |  2.7
Dodging        | |  2.6
Spellcasting   | |  2.5
Translocations | |  3.5
Transmutations | |  0.6

Action                   |  1- 3 |  4- 6 || total
-------------------------+-------+-------++-------
Melee: Falchion          |   122 |       ||   122
       Tailslap          |     8 |     7 ||    15
       Long sword        |    18 |    73 ||    91
 Cast: Blink             |       |     2 ||     2
 Stab: Sleeping          |       |     1 ||     1
Armor: Skin              |    56 |    23 ||    79
Dodge: Dodged            |   117 |    60 ||   177

Table legend: (Time is in decaauts)
 A = Elapsed time spent in this place.
 B = Non-inter-level travel time spent in this place.
 C = Inter-level travel time spent in this place.
 D = Time resting spent in this place.
 E = Time spent auto-exploring this place.
 F = Levels seen in this place.
 G = Mean time per level.
                   A        B        C        D        E       F      G
               +--------+--------+--------+--------+--------+-----+--------+
         Total |   2791 |   2744 |     47 |      5 |   2151 |   3 |  930.3 |
       Dungeon |   2791 |   2744 |     47 |      5 |   2151 |   3 |  930.3 |
               +--------+--------+--------+--------+--------+-----+--------+

Top non-repeatable levels by time:
     D:2: 1255 daAuts
     D:1: 1146 daAuts
     D:3: 389 daAuts
